MLB
CHICAGO WHITE SOX @ DETROIT TIGERS
06/10/2046
 
TOP OF THE 1ST
Chicago White Sox batting - Pitching for Detroit Tigers : LHP Momosuke Sato
Pitching: LHP Momosuke Sato
Batting: RHB Dieter Knoops 0-0: Ball
1-0: Swinging Strike
1-1: SINGLE (Flyball, 34D, EV 96.2 MPH)
Batting: SHB Junzo Kato 0-0: Ball
Dieter Knoops steals 2nd base
1-0: Ball
2-0: Called Strike
2-1: Ball
3-1: Foul Ball, location: 2F
3-2: Base on Balls
Batting: RHB Joseph Disepolo 0-0: Called Strike
0-1: Ball
1-1: Ball
2-1: Ball
3-1: Base on Balls
Dieter Knoops to third
Junzo Kato to second
Batting: LHB Randy Rosenberry 0-0: SINGLE (Line Drive, 6MD, EV 96.2 MPH)
Dieter Knoops scores
Junzo Kato to third
Joseph Disepolo to second
Runner from 3rd tries for Home, SAFE, throw by CF to home
Batting: RHB Chris Cooper 0-0: Called Strike
0-1: Grounds into double play, 5-4-3 (Groundball, 56, EV 103.8 MPH)
Joseph Disepolo to third
Batting: RHB Steve Castleberry 0-0: Fly out, F7 (Flyball, 78S, EV 81.2 MPH)
Top of the 1st over - 2 runs, 2 hits, 0 errors, 1 left on base; Chicago 2 - Detroit 0
BOTTOM OF THE 1ST
Detroit Tigers batting - Pitching for Chicago White Sox : RHP Adam Ratcliff
Pitching: RHP Adam Ratcliff
Batting: RHB Adrian Novakovic 0-0: Called Strike
0-1: Ball
1-1: SINGLE (Line Drive, 8LS, EV 108.1 MPH)
Batting: RHB Victor Quinones 0-0: Called Strike
0-1: Fly out, F8 (Flyball, 8LD, EV 100.6 MPH)
Batting: RHB Jim Zucco 0-0: Ball
1-0: Ball
2-0: Foul Ball, location: 2F
2-1: Ball
3-1: Called Strike
3-2: Base on Balls
Adrian Novakovic to second
Batting: LHB Morgan Black 0-0: Called Strike
0-1: Ball
1-1: Swinging Strike
1-2: Foul Ball, location: 2F
1-2: Ball
2-2: Foul Ball, location: 2F
2-2: Foul Ball, location: 2F
2-2: Ball
3-2: Base on Balls
Adrian Novakovic to third
Jim Zucco to second
Batting: RHB Ryan Neal 0-0: Ball
1-0: Ball
2-0: Foul Ball, location: 2F
2-1: Foul Ball, location: 2F
2-2: Strikes out swinging
Batting: RHB Dave Reynolds 0-0: Called Strike
0-1: Called Strike
0-2: Ball
1-2: Strikes out swinging
Bottom of the 1st over - 0 runs, 1 hit, 0 errors, 3 left on base; Chicago 2 - Detroit 0
TOP OF THE 2ND
Chicago White Sox batting - Pitching for Detroit Tigers : LHP Momosuke Sato
Batting: SHB Dan Lash 0-0: Swinging Strike
0-1: Ball
1-1: Foul Ball, location: 2F
1-2: Fly out, F4 (Popup, 34, EV 62.5 MPH)
Batting: RHB Leo Navarro 0-0: Ball
1-0: DOUBLE (Flyball, 8RXD, EV 103.8 MPH)
Batting: SHB Vince Ealy 0-0: Foul Ball, location: 2F
0-1: Swinging Strike
0-2: Ball
1-2: Fly out, F8 (Flyball, 89M, EV 80.0 MPH)
Batting: RHB Dieter Knoops 0-0: Foul Ball, location: 2F
0-1: Ball
1-1: Called Strike
1-2: Ball
2-2: Foul Ball, location: 2F
2-2: Ball
3-2: Ground out U3 (Groundball, 34, EV 96.2 MPH)
Top of the 2nd over - 0 runs, 1 hit, 0 errors, 1 left on base; Chicago 2 - Detroit 0
BOTTOM OF THE 2ND
Detroit Tigers batting - Pitching for Chicago White Sox : RHP Adam Ratcliff
Batting: LHB Emmanuel Gaskin 0-0: Ball
1-0: Fly out, F7 (Flyball, 7S, EV 87.5 MPH)
Batting: RHB Greg Harman 0-0: Called Strike
0-1: Foul Ball, location: 2F
0-2: Ball
1-2: Ball
2-2: SINGLE (Groundball, 6M, EV 98.8 MPH) (infield hit)
Batting: LHB Tyler Davis 0-0: Swinging Strike
0-1: Ball
1-1: Ball
2-1: Grounds into double play, U3-6 (Groundball, 3L, EV 80.0 MPH)
Bottom of the 2nd over - 0 runs, 1 hit, 0 errors, 0 left on base; Chicago 2 - Detroit 0
TOP OF THE 3RD
Chicago White Sox batting - Pitching for Detroit Tigers : LHP Momosuke Sato
Batting: SHB Junzo Kato 0-0: Foul Ball, location: 2F
0-1: Ball
1-1: Ball
2-1: Ball
3-1: Base on Balls
Batting: RHB Joseph Disepolo 0-0: Fly out, F3 (Popup, 3F, EV 61.2 MPH)
Batting: LHB Randy Rosenberry 0-0: Ball
1-0: Called Strike
1-1: Ball
2-1: Called Strike
2-2: Strikes out swinging
Batting: RHB Chris Cooper 0-0: Ball
1-0: Ball
2-0: Called Strike
2-1: Foul Ball, location: 2F
2-2: Strikes out looking
Top of the 3rd over - 0 runs, 0 hits, 0 errors, 1 left on base; Chicago 2 - Detroit 0
BOTTOM OF THE 3RD
Detroit Tigers batting - Pitching for Chicago White Sox : RHP Adam Ratcliff
Batting: RHB Adrian Novakovic 0-0: Ground out 5-3 (Groundball, 56, EV 79.4 MPH)
Batting: RHB Victor Quinones 0-0: Ball
1-0: Ground out 4-3 (Groundball, 4, EV 86.9 MPH)
Batting: RHB Jim Zucco 0-0: Ball
1-0: Fly out, F1 (Line Drive, P, EV 61.2 MPH)
Bottom of the 3rd over - 0 runs, 0 hits, 0 errors, 0 left on base; Chicago 2 - Detroit 0
TOP OF THE 4TH
Chicago White Sox batting - Pitching for Detroit Tigers : LHP Momosuke Sato
Batting: RHB Steve Castleberry 0-0: Ball
1-0: Called Strike
1-1: Swinging Strike
1-2: Strikes out swinging
Batting: SHB Dan Lash 0-0: Ball
1-0: Called Strike
1-1: Ball
2-1: Foul Ball, location: 2F
2-2: Ball
3-2: Foul Ball, location: 2F
3-2: Strikes out swinging
Batting: RHB Leo Navarro 0-0: Ball
1-0: Called Strike
1-1: Ground out 5-3 (Groundball, 5L, EV 106.9 MPH)
Top of the 4th over - 0 runs, 0 hits, 0 errors, 0 left on base; Chicago 2 - Detroit 0
BOTTOM OF THE 4TH
Detroit Tigers batting - Pitching for Chicago White Sox : RHP Adam Ratcliff
Batting: LHB Morgan Black 0-0: Foul Ball, location: 2F
0-1: Foul Ball, location: 2F
0-2: Strikes out swinging
Batting: RHB Ryan Neal 0-0: Fly out, F9 (Flyball, 9LM, EV 104.4 MPH)
Batting: RHB Dave Reynolds 0-0: Called Strike
0-1: Swinging Strike
0-2: Ball
1-2: Ball
2-2: Strikes out swinging
Bottom of the 4th over - 0 runs, 0 hits, 0 errors, 0 left on base; Chicago 2 - Detroit 0
TOP OF THE 5TH
Chicago White Sox batting - Pitching for Detroit Tigers : LHP Momosuke Sato
Batting: SHB Vince Ealy 0-0: Swinging Strike
0-1: Ball
1-1: Ball
2-1: Ball
3-1: Fly out, F7 (Flyball, 7, EV 89.4 MPH)
Batting: RHB Dieter Knoops 0-0: Ball
1-0: Ball
2-0: Ball
3-0: Called Strike
3-1: SINGLE (Line Drive, 7S, EV 105.0 MPH)
Batting: SHB Junzo Kato 0-0: Called Strike
Dieter Knoops steals 2nd base
0-1: Ball
1-1: Ball
2-1: Ball
3-1: Called Strike
3-2: Foul Ball, location: 2F
3-2: Ground out 5-3 (Groundball, 5S, EV 84.4 MPH)
Batting: RHB Joseph Disepolo 0-0: Ball
1-0: Ball
Dieter Knoops steals 3rd base
2-0: Foul Ball, location: 2F
2-1: Called Strike
2-2: Strikes out looking
Top of the 5th over - 0 runs, 1 hit, 0 errors, 1 left on base; Chicago 2 - Detroit 0
BOTTOM OF THE 5TH
Detroit Tigers batting - Pitching for Chicago White Sox : RHP Adam Ratcliff
Batting: LHB Emmanuel Gaskin 0-0: Foul Ball, location: 2F
0-1: Swinging Strike
0-2: SINGLE (Groundball, 34, EV 100.6 MPH)
Batting: RHB Greg Harman 0-0: Ball
Wild Pitch!
Emmanuel Gaskin to second
1-0: Called Strike
1-1: Ball
2-1: Ground out 5-3 (Groundball, 56S, EV 63.1 MPH)
Emmanuel Gaskin to third
Batting: LHB Tyler Davis 0-0: Fly out, F9 (Flyball, 9S, EV 81.9 MPH)
Batting: RHB Adrian Novakovic 0-0: Ball
1-0: Called Strike
1-1: Called Strike
1-2: Ball
2-2: Ball
3-2: SINGLE (Line Drive, 6M, EV 98.1 MPH)
Emmanuel Gaskin scores
Batting: RHB Victor Quinones 0-0: Ball
1-0: Ball
2-0: Ball
3-0: Foul Ball, location: 2F
3-1: Foul Ball, location: 2F
3-2: Foul Ball, location: 2F
3-2: Strikes out swinging
Bottom of the 5th over - 1 run, 2 hits, 0 errors, 1 left on base; Chicago 2 - Detroit 1
TOP OF THE 6TH
Chicago White Sox batting - Pitching for Detroit Tigers : LHP Momosuke Sato
Batting: LHB Randy Rosenberry 0-0: Ball
1-0: Ball
2-0: Ball
3-0: Base on Balls
Pitching: RHP Jason Williams
Batting: RHB Chris Cooper 0-0: Fly out, F7 (Flyball, 78M, EV 89.4 MPH)
Batting: RHB Steve Castleberry 0-0: Ball
1-0: Fly out, F7 (Line Drive, 7, EV 96.9 MPH)
Batting: SHB Dan Lash 0-0: Called Strike
0-1: Ball
Randy Rosenberry steals 2nd base
1-1: Ball
2-1: Swinging Strike
2-2: Strikes out swinging
Top of the 6th over - 0 runs, 0 hits, 0 errors, 1 left on base; Chicago 2 - Detroit 1
BOTTOM OF THE 6TH
Detroit Tigers batting - Pitching for Chicago White Sox : RHP Adam Ratcliff
Pitching: LHP Ryan Daidone
Batting: RHB Jim Zucco 0-0: Ball
1-0: Ball
2-0: Ball
3-0: Called Strike
3-1: Fly out, F9 (Flyball, 89S, EV 88.1 MPH)
Batting: LHB Morgan Black 0-0: Ball
1-0: Ball
2-0: Ball
3-0: Ground out 5-3 (Groundball, 56S, EV 93.1 MPH)
Batting: RHB Ryan Neal 0-0: Called Strike
0-1: Ball
1-1: Foul Ball, location: 2F
1-2: Ball
2-2: Strikes out swinging
Bottom of the 6th over - 0 runs, 0 hits, 0 errors, 0 left on base; Chicago 2 - Detroit 1
TOP OF THE 7TH
Chicago White Sox batting - Pitching for Detroit Tigers : RHP Jason Williams
Batting: RHB Leo Navarro 0-0: Foul Ball, location: 2F
0-1: Fly out, F5 (Popup, 25, EV 83.1 MPH)
Batting: SHB Vince Ealy 0-0: Fly out, F7 (Flyball, 7, EV 86.9 MPH)
Batting: RHB Dieter Knoops 0-0: Swinging Strike
0-1: Ball
1-1: DOUBLE (Flyball, 8LXD, EV 93.8 MPH)
Batting: SHB Junzo Kato 0-0: Ball
1-0: Foul Ball, location: 2F
1-1: Fly out, F7 (Flyball, 78M, EV 90.0 MPH)
Top of the 7th over - 0 runs, 1 hit, 0 errors, 1 left on base; Chicago 2 - Detroit 1
BOTTOM OF THE 7TH
Detroit Tigers batting - Pitching for Chicago White Sox : LHP Ryan Daidone
Batting: RHB Dave Reynolds 0-0: Ball
1-0: Called Strike
1-1: Ball
2-1: SINGLE (Line Drive, 56, EV 95.6 MPH)
Batting: LHB Emmanuel Gaskin 0-0: Sac Bunt to 23 - play at first, batter OUT! 3-4
Dave Reynolds to second
Batting: RHB Greg Harman 0-0: Ball
1-0: Foul Ball, location: 2F
1-1: Swinging Strike
1-2: Strikes out swinging
Pinch Hitting: RHB Chris Wheatley 0-0: Ball
1-0: Ball
2-0: Called Strike
2-1: Foul Ball, location: 2F
2-2: Ball
3-2: Base on Balls
Pitching: RHP Ryan Columbo
Batting: RHB Adrian Novakovic 0-0: Foul Ball, location: 2F
0-1: Foul Ball, location: 2F
0-2: Foul Ball, location: 2F
0-2: Ball
1-2: Ball
2-2: Fly out, F9 (Flyball, 9, EV 85.6 MPH)
Bottom of the 7th over - 0 runs, 1 hit, 0 errors, 2 left on base; Chicago 2 - Detroit 1
TOP OF THE 8TH
Chicago White Sox batting - Pitching for Detroit Tigers : RHP Jason Williams
Now in RF: Conrad Taylor
Batting: RHB Joseph Disepolo 0-0: Called Strike
0-1: Swinging Strike
0-2: Foul Ball, location: 2F
0-2: Strikes out swinging
Batting: LHB Randy Rosenberry 0-0: Swinging Strike
0-1: Called Strike
0-2: Ball
1-2: Foul Ball, location: 2F
1-2: Foul Ball, location: 2F
1-2: Ball
2-2: Foul Ball, location: 2F
2-2: Fly out, F8 (Flyball, 8RXD, EV 99.4 MPH)
Batting: RHB Chris Cooper 0-0: Ball
1-0: Fly out, F7 (Flyball, 7S, EV 89.4 MPH)
Top of the 8th over - 0 runs, 0 hits, 0 errors, 0 left on base; Chicago 2 - Detroit 1
BOTTOM OF THE 8TH
Detroit Tigers batting - Pitching for Chicago White Sox : RHP Ryan Columbo
Pitching: RHP Jerry JimAnez
Batting: RHB Victor Quinones 0-0: Ball
1-0: Ball
2-0: Ball
3-0: Fly out, F8 (Line Drive, 8RD, EV 102.5 MPH)
Batting: RHB Jim Zucco 0-0: Ball
1-0: Ball
2-0: Ball
3-0: Called Strike
3-1: Base on Balls
Batting: LHB Morgan Black 0-0: Ball
1-0: Ball
2-0: Called Strike
2-1: Swinging Strike
2-2: Strikes out swinging
Batting: RHB Ryan Neal 0-0: Fly out, F2 (Popup, 23F, EV 88.8 MPH)
Bottom of the 8th over - 0 runs, 0 hits, 0 errors, 1 left on base; Chicago 2 - Detroit 1
TOP OF THE 9TH
Chicago White Sox batting - Pitching for Detroit Tigers : RHP Jason Williams
Pitching: RHP Joe Bradford
Batting: RHB Steve Castleberry 0-0: Called Strike
0-1: Ball
1-1: Ball
2-1: Ball
3-1: Swinging Strike
3-2: Fly out, F7 (Line Drive, 7S, EV 101.2 MPH)
Batting: SHB Dan Lash 0-0: Ball
1-0: Ball
2-0: Ball
3-0: Base on Balls
Pinch Hitting: SHB Cesar Herrera 0-0: Called Strike
0-1: Foul Ball, location: 2F
0-2: Ball
1-2: Strikes out looking
Batting: SHB Vince Ealy 0-0: Ball
1-0: Ground out 4-3 (Groundball, 34S, EV 81.2 MPH)
Top of the 9th over - 0 runs, 0 hits, 0 errors, 1 left on base; Chicago 2 - Detroit 1
BOTTOM OF THE 9TH
Detroit Tigers batting - Pitching for Chicago White Sox : RHP Jerry JimAnez
Pitching: RHP Zach Ault
Now at C: Sidney Pedder
Batting: RHB Dave Reynolds 0-0: Swinging Strike
0-1: Ball
1-1: Ball
2-1: DOUBLE (Line Drive, 7LD, EV 113.1 MPH)
Batting: LHB Emmanuel Gaskin 0-0: Called Strike
0-1: Foul Ball, location: 2F
0-2: Ball
1-2: Foul Ball, location: 2F
1-2: Strikes out swinging, 2-3 out at first.
Batting: RHB Greg Harman 0-0: Ball
1-0: SINGLE (Groundball, 6D, EV 99.4 MPH)
Dave Reynolds to third
Batting: LHB Conrad Taylor 0-0: SINGLE (Line Drive, 89M, EV 98.1 MPH)
Dave Reynolds scores
Greg Harman to second
Batting: RHB Adrian Novakovic 0-0: Swinging Strike
0-1: Ball
1-1: Foul Ball, location: 2F
1-2: Grounds into double play, U3-6 (Groundball, 3L, EV 80.6 MPH)
Bottom of the 9th over - 1 run, 3 hits, 0 errors, 1 left on base; Chicago 2 - Detroit 2
TOP OF THE 10TH
Chicago White Sox batting - Pitching for Detroit Tigers : RHP Joe Bradford
Pitching: LHP Bobby Jones
Batting: RHB Dieter Knoops 0-0: Ball
1-0: Called Strike
1-1: Ball
2-1: Foul Ball, location: 2F
2-2: Fly out, F6 (Popup, 6MD, EV 61.9 MPH)
Batting: SHB Junzo Kato 0-0: Called Strike
0-1: Swinging Strike
0-2: Ball
1-2: Foul Ball, location: 2F
1-2: Foul Ball, location: 2F
1-2: Strikes out swinging
Batting: RHB Joseph Disepolo 0-0: Called Strike
0-1: Called Strike
0-2: Fly out, F8 (Flyball, 8RS, EV 86.2 MPH)
Top of the 10th over - 0 runs, 0 hits, 0 errors, 0 left on base; Chicago 2 - Detroit 2
BOTTOM OF THE 10TH
Detroit Tigers batting - Pitching for Chicago White Sox : RHP Zach Ault
Pitching: LHP Josh Vaca
Batting: RHB Victor Quinones 0-0: Foul Ball, location: 2F
0-1: Foul Ball, location: 2F
0-2: Foul Ball, location: 2F
0-2: Foul Ball, location: 2F
0-2: Foul Ball, location: 2F
0-2: Foul Ball, location: 2F
0-2: Foul Ball, location: 2F
0-2: Ground out 6-3 (Groundball, 6S, EV 84.4 MPH)
Batting: RHB Jim Zucco 0-0: Ball
1-0: Ball
2-0: Called Strike
2-1: TRIPLE (Line Drive, 89XD, EV 103.8 MPH)
Batting: LHB Morgan Black 0-0: Ball
1-0: Called Strike
1-1: Foul Ball, location: 2F
1-2: Fly out, F9 (Flyball, 89S, EV 75.6 MPH)
Batting: RHB Ryan Neal 0-0: Foul Ball, location: 2F
0-1: Foul Ball, location: 2F
0-2: Ball
1-2: Strikes out swinging
Bottom of the 10th over - 0 runs, 1 hit, 0 errors, 1 left on base; Chicago 2 - Detroit 2
TOP OF THE 11TH
Chicago White Sox batting - Pitching for Detroit Tigers : LHP Bobby Jones
Batting: LHB Randy Rosenberry 0-0: Called Strike
0-1: Foul Ball, location: 2F
0-2: Strikes out looking
Batting: RHB Chris Cooper 0-0: SOLO HOME RUN (Flyball, 7D, EV 101.9 MPH), Distance : 393 ft
Batting: RHB Steve Castleberry 0-0: Called Strike
0-1: Ball
1-1: Foul Ball, location: 2F
1-2: Foul Ball, location: 2F
1-2: Ball
2-2: Ground out 1-3 (Groundball, P, EV 68.1 MPH)
Batting: SHB Dan Lash 0-0: Ball
1-0: Called Strike
1-1: Foul Ball, location: 2F
1-2: Strikes out looking
Top of the 11th over - 1 run, 1 hit, 0 errors, 0 left on base; Chicago 3 - Detroit 2
BOTTOM OF THE 11TH
Detroit Tigers batting - Pitching for Chicago White Sox : LHP Josh Vaca
Batting: RHB Dave Reynolds 0-0: Called Strike
0-1: Ball
1-1: Fly out, F5 (Popup, 25F, EV 76.9 MPH)
Batting: LHB Emmanuel Gaskin 0-0: Swinging Strike
0-1: Ball
1-1: Ground out 4-3 (Groundball, 4D, EV 108.8 MPH)
Batting: RHB Greg Harman 0-0: Ball
1-0: Ball
2-0: Ball
3-0: Base on Balls
Batting: LHB Conrad Taylor 0-0: Fly out, F9 (Flyball, 9, EV 80.0 MPH)
Bottom of the 11th over - 0 runs, 0 hits, 0 errors, 1 left on base; Chicago 3 - Detroit 2
Tuesday, September 13th , 2022 - OOTP Baseball 23.7 Build 88